Map: Lockdown LE

Players

RipNHammer - Winner!

  • Race: Terran Terran
  • League: Master
  • Spawn Location: 1:00

bert

  • Race: Zerg Zerg
  • League: Master
  • Spawn Location: 7:00

VOD

Have the link to the VOD?

Description

Time

  • Played on: Sept. 6, 2026, 9:01 a.m.
  • Length: 12:02
Show
View Real Time Build Order
Export as new Build Order

RipNHammer Terran - Winner!

Build Orders: Reaper Expand 

Get SALT Encoding   

  8  0:00  SCV  
  9  0:12  SCV  
  10  0:24  SCV  
  11  0:37  SCV  
  11  0:39  Supply Depot  
  12  0:49  SCV  
  13  0:53  Refinery  
  13  1:01  SCV  
  14  1:06  Barracks  
  14  1:13  SCV  
  15  1:25  SCV  
  16  1:37  SCV  
  17  1:53  Reaper, Orbital Command  
  18  2:09  Command Center  
  18  2:21  SCV  
  16  2:39  Supply Depot  
  16  2:42  SCV  
  15  2:54  SCV  
  16  3:03  Factory  
  16  3:05  Barracks Reactor  
  16  3:12  SCV  
  17  3:13  Supply Depot  
  17  3:15  Refinery  
  17  3:24  SCV  
  18  3:28  Orbital Command  
  18  3:37  SCV  
  19  3:49  SCV  
  19  3:50  Starport  
  20  4:02  Hellion x2  
  24  4:04  SCV  
  24  4:06  SCV  
  26  4:15  Orbital Command  
  26  4:16  SCV  
  27  4:23  Barracks Tech Lab  
  27  4:28  SCV  
  27  4:30  Hellion x2  
  32  4:40  SCV  
  32  4:41  SCV  
  32  4:44  Supply Depot  
  34  4:51  Banshee, Cloaking Field  
  38  4:52  SCV  
  38  4:53  SCV  
  39  5:00  Hellion  
  39  5:05  SCV  
  42  5:09  SCV  
  43  5:17  SCV  
  43  5:21  SCV  
  45  5:24  Hellion  
  45  5:25  Hellion, Supply Depot  
  49  5:29  SCV  
  50  5:44  SCV  
  50  5:51  SCV  
  50  5:54  Hellion  
  50  5:58  SCV, Hellion  
  50  6:02  Banshee  
  41  6:13  SCV  
  41  6:14  SCV  
  40  6:20  Hellion  
  42  6:26  SCV x2, Hellion, Command Center  
  46  6:38  Supply Depot x2, SCV x2  
  48  6:43  Hellion  
  50  6:53  Factory  
  50  6:59  SCV x2, Hellion  
  54  7:09  Factory  
  54  7:10  Refinery  
  54  7:11  SCV x2  
  54  7:12  Refinery  
  54  7:14  Hellion  
  58  7:23  SCV x2  
  58  7:24  Hellion  
  62  7:35  SCV x2  
  62  7:48  SCV  
  63  7:55  SCV x2  
  65  8:00  SCV  
  65  8:02  Hellion x2  
  65  8:04  Factory Tech Lab  
  56  8:05  Cyclone  
  56  8:08  Orbital Command  
  56  8:10  SCV  
  58  8:14  Mag-Field Accelerator  
  58  8:15  SCV  
  58  8:17  Engineering Bay  
  58  8:19  Factory  
  59  8:21  Factory  
  59  8:22  SCV  
  60  8:27  SCV  
  60  8:30  Cyclone  
  60  8:31  Hellion x2  
  70  8:34  SCV, Armory  
  70  8:37  Supply Depot  
  70  8:39  SCV  
  70  8:41  Armory  
  70  8:42  Cyclone  
  70  8:46  SCV  
  74  8:51  SCV, Infernal Pre-Igniter  
  74  8:52  Orbital Command  
  75  8:58  SCV  
  75  9:02  Missile Turret  
  76  9:03  SCV  
  76  9:06  Missile Turret  
  76  9:07  Missile Turret x3  
  76  9:08  Cyclone, Missile Turret, Factory Tech Lab  
  76  9:09  Factory Tech Lab  
  80  9:10  SCV  
  80  9:11  Hellion x2  
  80  9:15  SCV  
  86  9:19  Supply Depot  
  86  9:21  SCV  
  86  9:22  Cyclone  
  90  9:30  SCV  
  91  9:32  SCV  
  91  9:33  Missile Turret  
  91  9:34  Supply Depot, Missile Turret  
  91  9:38  SCV  
  93  9:41  Cyclone  
  93  9:42  Hellion, SCV  
  93  9:44  SCV  
  100  9:46  Terran Vehicle Weapons Level 1  
  100  9:49  Terran Vehicle And Ship Armor Level 1  
  100  9:51  Cyclone  
  103  9:55  Refinery  
  103  9:58  Refinery  
  103  10:00  Supply Depot, SCV x2  
  103  10:01  SCV  
  103  10:06  Cyclone  
  103  10:07  Hellion  
  111  10:17  Command Center  
  111  10:21  Cyclone x2  
  117  10:36  SCV  
  117  10:40  SCV  
  119  10:44  Supply Depot  
  119  10:47  Supply Depot  
  119  10:58  Supply Depot  
  119  11:00  Missile Turret  
  119  11:01  Supply Depot  
  119  11:04  SCV, Cyclone, Hellion  
  116  11:15  Cyclone x2  
  119  11:25  Supply Depot  
  119  11:26  Widow Mine, Cyclone, Hellion  
  119  11:32  Factory  
  131  11:52  Command Center  
  134  12:00  Missile Turret  
Show
View Real Time Build Order
Export as new Build Order

bert Zerg 

Build Orders: Pool First 

Get SALT Encoding   

  8  0:23  Spawning Pool  
  7  0:30  Drone  
  8  0:37  Drone  
  9  0:51  Overlord  
  9  1:10  Zergling x6  
  12  1:21  Drone  
  13  1:31  Drone  
  14  1:40  Drone  
  15  1:50  Drone  
  16  2:01  Hatchery  
  16  2:07  Drone  
  16  2:18  Drone  
  17  2:34  Queen  
  17  2:35  Drone  
  18  2:51  Drone  
  19  3:00  Drone  
  20  3:13  Queen  
  20  3:14  Extractor  
  20  3:16  Hatchery  
  20  3:22  Drone x2  
  20  3:25  Drone  
  22  3:29  Drone  
  23  3:34  Drone  
  24  3:44  Overlord  
  24  3:58  Spore Crawler  
  24  4:11  Drone x4  
  24  4:12  Drone x2  
  24  4:15  Metabolic Boost  
  30  4:21  Queen  
  32  4:26  Overlord  
  32  4:33  Overlord  
  32  4:36  Drone  
  32  4:37  Drone  
  34  4:41  Zergling x4  
  36  4:49  Zergling x8  
  36  4:52  Zergling x2  
  41  5:00  Lair  
  41  5:04  Drone x3  
  44  5:08  Drone x2  
  45  5:15  Zergling x6  
  47  5:29  Zergling x8  
  47  5:34  Baneling Nest  
  47  5:44  Evolution Chamber  
  33  5:59  Spore Crawler  
  33  6:00  Spore Crawler  
  27  6:17  Drone x2  
  27  6:18  Drone x2  
  28  6:19  Drone x6  
  35  6:33  Spore Crawler  
  35  6:36  Drone x3  
  35  6:37  Extractor  
  36  6:46  Drone x3  
  39  6:56  Spire  
  39  6:58  Extractor  
  37  7:06  Drone  
  37  7:07  Drone x2  
  40  7:10  Overseer  
  40  7:20  Drone x5  
  45  7:27  Extractor  
  38  7:37  Zergling x8  
  38  7:38  Spore Crawler  
  35  7:51  Zergling x6  
  29  8:11  Mutalisk x3  
  35  8:22  Drone x2  
  36  8:29  Drone x2  
  38  8:41  Drone  
  38  8:42  Drone x2  
  41  8:49  Drone x2  
  42  9:01  Mutalisk x2  
  45  9:08  Mutalisk  
  47  9:23  Queen  
  49  9:24  Overlord  
  49  9:31  Mutalisk  
  49  9:32  Drone  
  52  9:39  Overlord  
  52  9:47  Drone x2  
  52  9:52  Drone  
  55  9:53  Drone  
  56  10:02  Drone x3  
  59  10:11  Drone x3  
  62  10:14  Drone  
  62  10:23  Mutalisk  
  62  10:24  Mutalisk  
  66  10:34  Mutalisk x2  
  65  10:37  Mutalisk  
  67  10:45  Drone  
  68  10:52  Overlord x2  
  68  11:09  Mutalisk x4  
  68  11:23  Drone x9  
  77  11:28  Drone x2  
  77  11:30  Drone x2  
  81  11:38  Drone  
  81  11:39  Drone  
Tags
 
Add a new tag
Caveats
  • Supply blocks, unpowered buildings, or Contaminate may cause inaccurate times.
  • Supply counts are checked every 10 seconds.